 Dungeon Crawl Stone Soup version 0.21.1-1-g345015fe64 (webtiles) character file.

43 Kohma the Grave Robber (level 3, -1/28 HPs)
             Began as a Hill Orc Necromancer on June 15, 2018.
             Slain by a hound (2 damage)
             ... on level 2 of the Dungeon.
             The game lasted 00:08:20 (1897 turns).

Kohma the Grave Robber (Hill Orc Necromancer)       Turns: 1897, Time: 00:08:20

Health: -1/28      AC:  5    Str: 11    XL:     3   Next: 58%
Magic:  1/5        EV: 10    Int: 15    God:
Gold:   77         SH:  0    Dex: 11    Spells: 3/5 levels left

rFire    . . .     SeeInvis .   d - +0 dagger
rCold    . . .     Gourm    .   (no shield)
rNeg     . . .     Faith    .   g - +0 ring mail
rPois    .         Spirit   .   (no helmet)
rElec    .         Reflect  .   (no cloak)
rCorr    .         Harm     .   (no gloves)
MR       .....                  (no boots)
Stlth    +.........             (no amulet)
HPRegen  0.09/turn              (no ring)
MPRegen  0.09/turn              (no ring)

@: very slightly contaminated
A: no striking features
a: no special abilities


You were on level 2 of the Dungeon.
You were not hungry.

You visited 1 branch of the dungeon, and saw 3 of its levels.

You collected 77 gold pieces.

Inventory:

Hand Weapons
 d - a +0 dagger (weapon)
 k - a +0 dagger
 n - a +0 dagger
Missiles
 f - 41 arrows
Armour
 a - a +0 robe
 g - a +0 ring mail (worn)
Jewellery
 l - a cursed amulet of inaccuracy {unknown}
Scrolls
 h - a scroll of enchant armour {unknown}
Potions
 e - a potion of haste {unknown}
 j - a potion of mutation {unknown}
 m - a potion of flight {unknown}
 o - 2 potions of curing {unknown}
Books
 b - a book of Necromancy

   Spells                             Type                      Level
   a - Pain                           Necromancy                   1
   b - Animate Skeleton               Necromancy                   1
   c - Vampiric Draining              Necromancy                   3
   d - Regeneration                   Charms/Necromancy            3
   e - Animate Dead                   Necromancy                   4
   f - Borgnjor's Vile Clutch         Necromancy/Earth             5


   Skills:
 + Level 1.4 Fighting
 + Level 1.2 Armour
 - Level 1.5 Dodging
 - Level 1.5 Stealth
 + Level 1.9 Spellcasting
 * Level 4.5 Necromancy


You had 3 spell levels left.
You knew the following spells:

 Your Spells              Type           Power        Failure   Level  Hunger
a - Pain                  Necr           ###.         9%          1    ##.....
b - Animate Skeleton      Necr           N/A          9%          1    ##.....


Dungeon Overview and Level Annotations

Branches:
Dungeon (3/15)

Altars:
Makhleb


Message History

The hound closely misses you. The hound bites you.
You closely miss the hound.
The hound is severely wounded.
The hound bites you.
You hit the hound but do no damage.
The hound is severely wounded.
The hound closely misses you. The hound bites you.
* * * LOW HITPOINT WARNING * * *
You hit the hound but do no damage.
The hound is severely wounded.
The hound barely misses you. The hound closely misses you. The hound bites you.
* * * LOW HITPOINT WARNING * * *
The hound barely misses you. The hound bites you.
* * * LOW HITPOINT WARNING * * *
The hound bites you.
* * * LOW HITPOINT WARNING * * *
The hound bites you.
You die...

##.....# #..#...#
#.##...# #.#.._..#
##.###∩#.### #..#
####.###### ##.##
####........
#h..###.......#
#@#.#.........#
#.#.#.>.......#
#.#.#.........#
#.#.#.........#
..#.#.........####
#.##.#............#
#. #.##..#.........
###.##.#..##.........
#..........#.........


You could see a hound.

Vanquished Creatures
  An adder (D:1)
  A dart slug (D:1)
  A leopard gecko (D:2)
  3 giant cockroaches
  3 goblins (D:1)
  4 hobgoblins (D:1)
  2 bats (D:1)
  4 frilled lizards
  2 kobolds (D:1)
  A rat (D:1)
22 creatures vanquished.

Vanquished Creatures (collateral kills)
  2 dart slugs (D:1)
  A giant cockroach (D:1)
  2 goblins (D:1)
  2 hobgoblins
  A bat (D:1)
  A rat (D:1)
9 creatures vanquished.

Vanquished Creatures (others)
  A goblin (D:2)
1 creature vanquished.

Grand Total: 32 creatures vanquished

Notes
Turn   | Place    | Note
-------+----------+-------------------------------------------
     0 | D:1      | Kohma the Hill Orc Necromancer began the quest for the Orb.
     0 | D:1      | Reached XP level 1. HP: 14/14 MP: 3/3
     2 | D:1      | Learned a level 1 spell: Animate Skeleton
   238 | D:1      | Reached XP level 2. HP: 22/22 MP: 2/4
   333 | D:1      | Reached skill level 1 in Fighting
   755 | D:1      | Reached skill level 1 in Armour
   795 | D:1      | Reached XP level 3. HP: 25/28 MP: 3/5
  1869 | D:2      | Found a burning altar of Makhleb.
  1895 | D:2      | HP: 1/28 [hound (2)]
  1897 | D:2      | Slain by a hound

Skill      XL: |  1  2 |
---------------+-------+-----
Fighting       | 1 |  1.4
Armour         | 1 |  1.2
Dodging        | |  1.5
Stealth        | |  1.5
Spellcasting   | |  1.9
Necromancy     | |  4.5

Action                   || total
-------------------------++-------
Melee: Dagger            ||    86
 Cast: Pain              ||    43
       Animate Skeleton  ||     9
  Eat: Chunk             ||     2
       Ration            ||     1
Armor: Robe              ||    11
       Ring mail         ||    33
Dodge: Dodged            ||    76
